 Dungeon Crawl Stone Soup version 0.16-a0-4048-g245e628 (webtiles) character file.

168 Chiseanne the Grasshopper (level 5, -4/35 HPs)
             Began as an Octopode Warper on Feb 19, 2015.
             Was an Initiate of Nemelex Xobeh.
             Slain by an orc
             ... wielding a +2 mace of crushing
              (8 damage)
             ... on level 3 of the Dungeon.
             The game lasted 00:10:06 (2931 turns).

Chiseanne the Grasshopper (Octopode Warper)         Turns: 2931, Time: 00:10:06

Health: -4/35      AC:  1    Str: 11    XL:     5   Next: 48%
Magic:  11/11      EV: 13    Int: 15    God:    Nemelex Xobeh [......]
Gold:   111        SH:  0    Dex: 12    Spells: 4 memorised, 2 levels left

rFire  . . .     SeeInvis .     a - +0 hand axe
rCold  . . .     Clarity  .     (no shield)
rNeg   . . .     SustAb   .     (helmet restricted)
rPois  .         Gourm    .     (no amulet)
rElec  .         Spirit   .     (no ring)
rCorr  .         Warding  .     (no ring)
rMut   .         Stasis   .     (no ring)
MR     .....                    (no ring)
Stlth  ++........               (no ring)
                                (no ring)
                                (no ring)
                                (no ring)

@: confused, not resistant to hostile enchantments, unstealthy
A: almost no armour, amphibious, 8 rings, constrict 8, camouflage 1, gelatinous
body 1
a: Renounce Religion


You were on level 3 of the Dungeon.
You worshipped Nemelex Xobeh.
Nemelex Xobeh was noncommittal.
You were not hungry.

You visited 1 branch of the dungeon, and saw 3 of its levels.

You collected 111 gold pieces.

Inventory:

Hand weapons
 a - a +0 hand axe (weapon)
Missiles
 e - 3 tomahawks of dispersal (quivered)
 h - 5 tomahawks
Scrolls
 d - a scroll of blinking
Potions
 b - 2 potions of ambrosia
 g - a potion of restore abilities
 o - a potion of might {unknown}
 p - a potion of brilliance {unknown}
Books
 c - a book of Spatial Translocations

   Spells                             Type                      Level
   a - Apportation                    Translocation                1
   b - Blink                          Translocation                2
   c - Shroud of Golubria             Charms/Translocation         2
   d - Portal Projectile              Translocation                3
   e - Teleport Other                 Translocation                3
   f - Passage of Golubria            Translocation                4
 i - a book of Minor Magic

   Spells                             Type                      Level
   a - Magic Dart                     Conjuration                  1
   b - Blink                          Translocation                2
   c - Call Imp                       Summoning                    2
   d - Repel Missiles                 Charms/Air                   2
   e - Slow                           Hexes                        2
   f - Conjure Flame                  Conjuration/Fire             3
   g - Mephitic Cloud                 Conjuration/Poison/Air       3
Miscellaneous
 l - a plain deck of defence {drawn: 3}
 m - a plain deck of destruction {god gift}
Comestibles
 f - 2 bread rations
 k - 2 meat rations
 n - 2 fruits


   Skills:
 * Level 2.4 Fighting
 - Level 2.0 Axes
 - Level 1.0 Throwing
 * Level 3.6 Dodging
 * Level 1.7 Stealth
 * Level 3.1 Spellcasting
 * Level 3.9 Translocations


You had 2 spell levels left.
You knew the following spells:

 Your Spells              Type           Power        Failure   Level  Hunger
a - Apportation           Tloc           ##........   4%          1    #......
b - Shroud of Golubria    Chrm/Tloc      #.........   14%         2    ##.....
c - Blink                 Tloc           N/A          8%          2    ##.....
d - Teleport Other        Tloc           ##......     14%         3    ###....


Dungeon Overview and Level Annotations

Branches:
Dungeon (3/15)

Altars:
Cheibriados
Gozag
Nemelex Xobeh


Innate Abilities, Weirdness & Mutations

You cannot wear most types of armour.
You are amphibious.
You can wear up to eight rings at the same time.
You can use your tentacles to constrict many enemies at once.
Your skin changes colour to match your surroundings (Stealth).
Your rubbery body absorbs attacks (AC +1).


Message History

Your shroud bends the goblin's attack away.
The orc hits you with a mace of crushing.
* * * LOW HITPOINT WARNING * * *
Your shroud falls apart!
* * * LOW HITPOINT WARNING * * *
The goblin barely misses you. The goblin barely misses you.
The orc barely misses you. The goblin barely misses you. The goblin misses you.
The goblin closely misses you.
The orc hits you with a mace of crushing!
* * * LOW HITPOINT WARNING * * *
x2 The goblin hits you but does no damage.
The goblin hits you.
* * * LOW HITPOINT WARNING * * *
The orc hits you with a mace of crushing.
* * * LOW HITPOINT WARNING * * *
x2 The goblin closely misses you.
The goblin hits you.
* * * LOW HITPOINT WARNING * * *
The orc hits you with a mace of crushing!
You die...
Your body disappears without a glow.

*,,,,,,*************#######
*,,,...,**,,,,,* ###......
*,,....*#.,,,*,* *#........
**,....#.,****,*##..####.[.
*,,,.....,,,,,,............
****##...#####....##....##.
##.!.##..$...##*#.###*#.
#.....o.#.[>)....,* ##
##....g@g.....#****
#....###......#**
*#.##.##*#......,* #.,*#..#
*##.###,*** *,**##.#
#.#**,,,* *** #.##
*.!****,*** ## #o.# *#.*
*,,,#*#. ##.## #.#*
***..##.
##..####..**##......


You could see an orc and 2 goblins.

Vanquished Creatures
  Jessica (D:3)
  5 gnolls
  4 adders
  5 giant geckos
  An ooze (D:2)
  2 orcs (D:3)
  A ball python (D:1)
  5 hobgoblins
  2 jackals (D:2)
  10 kobolds
  6 bats
  5 giant cockroaches
  7 giant newts
  5 goblins (D:1)
  4 rats
63 creatures vanquished.

Notes
Turn   | Place    | Note
--------------------------------------------------------------
     0 | D:1      | Chiseanne, the Octopode Warper, began the quest for the Orb.
     0 | D:1      | Reached XP level 1. HP: 14/14 MP: 3/3
   500 | D:2      | Reached XP level 2. HP: 13/19 MP: 4/4
   602 | D:2      | Learned a level 2 spell: Shroud of Golubria
   605 | D:2      | Learned a level 2 spell: Blink
   618 | D:2      | Found an opulent altar of Gozag.
  1088 | D:1      | Reached XP level 3. HP: 3/24 MP: 3/6
  1687 | D:1      | Reached skill level 1 in Stealth
  1687 | D:1      | Reached XP level 4. HP: 25/29 MP: 8/8
  1692 | D:1      | Learned a level 3 spell: Teleport Other
  2554 | D:2      | Found a snail-covered altar of Cheibriados.
  2626 | D:3      | Found a sparkling altar of Nemelex Xobeh.
  2671 | D:3      | Became a worshipper of Nemelex Xobeh the Trickster
  2683 | D:3      | Reached XP level 5. HP: 30/35 MP: 6/9
  2761 | D:3      | Received a gift from Nemelex Xobeh
  2775 | D:3      | Noticed Jessica
  2781 | D:3      | Killed Jessica
  2928 | D:3      | HP: 1/35 [orc/mace of crushing (2)]
  2931 | D:3      | Slain by an orc

Action                   |  1- 3 |  4- 6 || total
-------------------------+-------+-------++-------
Melee: Hand axe          |    76 |    75 ||   151
Throw: Tomahawk          |     2 |       ||     2
 Cast: Apportation       |    11 |     2 ||    13
       Shroud of Golubri |     6 |    15 ||    21
       Blink             |       |     1 ||     1
Evoke: Deck              |       |     3 ||     3
  Use: Scroll            |     1 |     8 ||     9
       Potion            |       |     1 ||     1
 Stab: Sleeping          |       |     2 ||     2
  Eat: Chunk             |     3 |     5 ||     8
